 Dungeon Crawl Stone Soup version 0.22-a0-392-g5dc3fd9 (webtiles) character file.

154 iamserjio the Firebug (level 5, -2/35 HPs)
             Began as a Barachi Fire Elementalist on May 2, 2018.
             Slain by an ogre
             ... wielding a +0 giant spiked club
              (36 damage)
             ... on level 4 of the Dungeon.
             The game lasted 00:12:09 (4547 turns).

iamserjio the Firebug (Barachi Fire Elementalist)   Turns: 4547, Time: 00:12:09

Health: -2/35      AC:  2    Str: 13    XL:     5   Next: 35%
Magic:  6/10       EV: 12    Int: 16    God:
Gold:   158        SH:  0    Dex: 12    Spells: 3/11 levels left

rFire    . . .     SeeInvis .   e - +0 club
rCold    . . .     Gourm    .   (no shield)
rNeg     . . .     Faith    .   a - +0 robe
rPois    .         Spirit   .   (no helmet)
rElec    .         Reflect  .   h - scarf {repulsion}
rCorr    .         Harm     .   (no gloves)
MR       .....                  (no boots)
Stlth    ++........             (no amulet)
HPRegen  0.11/turn              (no ring)
MPRegen  0.12/turn              f - +3 ring of strength

@: very slightly contaminated, repel missiles, slow
A: +LOS, swims, slowness 1, strong legs 1
a: Hop


You were on level 4 of the Dungeon.
You were not hungry.

You visited 1 branch of the dungeon, and saw 4 of its levels.

You collected 158 gold pieces.

Inventory:

Hand Weapons
 e - a +0 club (weapon)
 w - a +0 whip of electrocution
 x - a cursed -2 long sword
Armour
 a - a +0 robe (worn)
 h - a scarf of repulsion (worn)
 i - +0 fire dragon scales
 y - a +1 hat
Jewellery
 f - a +3 ring of strength (right hand)
 t - an uncursed ring of ice
 A - an uncursed amulet of regeneration {unknown}
Wands
 v - a wand of iceblast (8)
Scrolls
 l - 2 scrolls of fog {unknown}
 n - 3 scrolls of teleportation {unknown}
 o - a scroll of enchant armour {unknown}
 q - a scroll of magic mapping {unknown}
 r - a scroll of amnesia {unknown}
 s - 5 scrolls of identify {unknown}
 u - 2 scrolls of noise {unknown}
Potions
 b - 2 potions of cancellation {unknown}
 d - 3 potions of degeneration {unknown}
 g - a potion of magic {unknown}
 j - a potion of mutation {unknown}
 k - 2 potions of curing {unknown}
 m - a potion of might {unknown}
 p - a potion of brilliance {unknown}
Comestibles
 c - 5 rations
 z - 6 chunks of flesh


   Skills:
 - Level 2.1 Dodging
 - Level 1.7 Stealth
 + Level 3.6 Spellcasting
 + Level 3.2 Conjurations
 + Level 4.5 Fire Magic


You had 3 spell levels left.
You knew the following spells:

 Your Spells              Type           Power        Failure   Level  Hunger
a - Flame Tongue          Conj/Fire      ###..        3%          1    None
b - Conjure Flame         Conj/Fire      ###.....     11%         3    ###....
c - Sticky Flame          Conj/Fire      ###.....     34%         4    ####...


Dungeon Overview and Level Annotations

Branches:
Dungeon (4/15)
 Temple: D:4-7

Altars:
Dithmenos
Yredelemnul


Innate Abilities, Weirdness & Mutations

Shadows flee at your approach. (+LOS)
You can swim through water.
You cover ground slowly.
You can hop short distances.


Message History

Press: ? - help, Shift-Dir - straight line, f - frilled lizard
Aim: a frilled lizard The flame tongue hits the frilled lizard.
You kill the frilled lizard!
You open the door.
Found 9 gold pieces.
An ogre comes into view. It is wielding a giant spiked club.
There is an open door here.
The ogre barely misses you.
Casting: Flame Tongue (safe; 3% risk of failure)
Confirm with . or Enter, or press ? or * to list all spells.
Aiming: Sticky Flame (quite dangerous; 34% risk of failure)
Press: ? - help, Shift-Dir - straight line, f - ogre
Aim: an ogre, wielding a giant spiked club You miscast Sticky Flame.
You are very lightly contaminated with residual magic.
Nothing appears to happen.
The ogre hits you with a giant spiked club!!!
Ouch! That really hurt!
You die...

################
#### ###
...#######. ###..
#...#...... +....
#.......... ###.#
#.$.......# #.#
#.........#### #.#
#.@O.........# #.#
##'##+###....##
#.#
#.##.........###.#
#.##..##.........#
#.##.......#+####.
#.###.##.#....##..
#...# ##.#....##..
###.#.##.#....##..
###.#.##.#....##.#


You could see an ogre.

Vanquished Creatures
  4 gnolls (D:3)
  3 adders
  2 oozes
  A worm (D:2)
  3 dart slugs
  A leopard gecko (D:2)
  2 orcs (D:3)
  A ball python (D:2)
  8 giant cockroaches
  9 goblins
  6 hobgoblins
  6 jackals
  6 bats
  4 frilled lizards
  5 kobolds
  10 rats
71 creatures vanquished.

Notes
Turn   | Place    | Note
-------+----------+-------------------------------------------
     0 | D:1      | iamserjio the Barachi Fire Elementalist began the quest for the Orb.
     0 | D:1      | Reached XP level 1. HP: 13/13 MP: 3/3
   252 | D:1      | Reached XP level 2. HP: 18/19 MP: 1/5
   706 | D:1      | Reached XP level 3. HP: 21/24 MP: 0/7
  1374 | D:2      | Learned a level 3 spell: Conjure Flame
  1451 | D:2      | Found a shadowy altar of Dithmenos.
  1869 | D:2      | Reached skill level 4 in Fire Magic
  2454 | D:2      | Reached XP level 4. HP: 30/30 MP: 4/8
  2945 | D:3      | Learned a level 4 spell: Sticky Flame
  3519 | D:3      | Reached XP level 5. HP: 21/35 MP: 5/10
  3871 | D:3      | Found a basalt altar of Yredelemnul.
  4545 | D:4      | Noticed an ogre
  4547 | D:4      | Slain by an ogre

Vault maps used:
D:1:      erik_arrival_triangle_medium, kennysheep_nondescript,
          corexii_hall_statues_deadend
D:2:      nicolae_dithmenos_shadow_blocks
D:3:      nrook_mini_vaults, yredelemnul_altar_generic
D:4:      lemuel_castle_with_subvaults, vehumet_statue, kennysheep_mini,
          first_ration, st_stairs_8, minmay_divided_ellipse

Skill      XL: |  1  2  3  4 |
---------------+-------------+-----
Conjurations   | 2 3 |  3.2
Spellcasting   | 3 |  3.6
Fire Magic     | 4 |  4.5
Dodging        | |  2.1
Stealth        | |  1.7

Action                   |  1- 3 |  4- 6 || total
-------------------------+-------+-------++-------
Melee: Club              |    31 |    14 ||    45
       Unarmed           |     1 |       ||     1
 Cast: Flame Tongue      |    87 |    66 ||   153
       Conjure Flame     |     1 |       ||     1
 Abil: Hop               |     2 |     1 ||     3
  Eat: Chunk             |     6 |     7 ||    13
Armor: Robe              |    16 |     9 ||    25
Dodge: Dodged            |    43 |    30 ||    73

Table legend:
 A = Spawn XP
 B = Non-spawn XP
 C = Spawn XP percentage of total XP
 D = Spawn monster count
 E = Non-spawn monster count
 F = Spawn count percentage of total count
 G = Total turns spent on level
                    A         B        C        D         E        F      G
               +---------+---------+-------+---------+---------+-------+---------
         Total |       0 |     220 |   0.0 |       0 |      71 |   0.0 |  4547
               +---------+---------+-------+---------+---------+-------+---------
           D:1 |       0 |      47 |   0.0 |       0 |      24 |   0.0 |  1302
           D:2 |       0 |      48 |   0.0 |       0 |      18 |   0.0 |  1500
           D:3 |       0 |     118 |   0.0 |       0 |      25 |   0.0 |  1566
           D:4 |       0 |       7 |   0.0 |       0 |       4 |   0.0 |   179
               +---------+---------+-------+---------+---------+-------+---------
